 Dungeon Crawl Stone Soup version 0.23.1 (webtiles) character file.

Game seed: 17249309677095755508

57 Borgoz the Sneak (level 4, 0/35 HPs)
             Began as a Ghoul Enchanter on Mar 3, 2019.
             Slain by an adder (2 damage)
             ... in a sewer.
             The game lasted 00:04:53 (2084 turns).

Borgoz the Sneak (Ghoul Enchanter)                  Turns: 2084, Time: 00:04:55

Health: 0/35       AC:  5    Str: 11    XL:     4   Next: 0%
Magic:  5/5        EV: 11    Int: 10    God:
Gold:   89         SH:  0    Dex: 10    Spells: 5/6 levels left

rFire    . . .     SeeInvis .   h - +0 short sword
rCold    + . .     Gourm    .   (no shield)
rNeg     + + +     Faith    .   e - +0 ring mail
rPois    ∞         Spirit   .   (no helmet)
rElec    .         Reflect  .   (no cloak)
rCorr    .         Harm     .   (no gloves)
MR       .....                  (no boots)
Stlth    +.........             (no amulet)
HPRegen  0.00/turn              (no ring)
MPRegen  0.09/turn              (no ring)

@: about to teleport, rotting
A: rotting body, claws 1, carnivore, cold resistance 1, negative energy
resistance 3, inhibited regeneration, torment resistance, unbreathing
a: no special abilities


You were in a sewer.
You were not hungry.

You visited 1 branch of the dungeon, and saw 3 of its levels.
You also visited: Sewer.

You collected 89 gold pieces.

Inventory:

Hand Weapons
 h - a +0 short sword (weapon)
Armour
 b - a +0 robe
 e - a +0 ring mail (worn)
Scrolls
 c - 2 scrolls of identify {unknown}
 f - a scroll of remove curse {unknown}
 g - a scroll of amnesia
Comestibles
 d - 5 rations


   Skills:
 + Level 1.2 Fighting
 * Level 2.0 Short Blades
 + Level 1.1 Armour
 * Level 2.5 Dodging
 - Level 3.2 Stealth
 - Level 1.7 Spellcasting
 - Level 2.4 Hexes


You had 5 spell levels left.
You knew the following spells:

 Your Spells              Type           Power        Failure   Level  Hunger
a - Corona                Hex            #......      28%         1    ##.....

Your spell library contained the following spells:

 Spells                   Type           Power        Failure   Level  Hunger
 Ensorcelled Hibernation  Hex/Ice        #.....       56%         2    ###....
 Confuse                  Hex            #.......     63%         3    ####...
 Tukima's Dance           Hex            #.......     63%         3    ####...
 Dazzling Spray           Conj/Hex       #.....       80%         3    ####...


Dungeon Overview and Level Annotations

Branches:
Dungeon (3/15)

Altars:

Annotations:
D:2 Sigmund


Innate Abilities, Weirdness & Mutations

Your body is rotting away.
You thrive on raw meat.
You are immune to poison.
You have sharp fingernails.
You are carnivorous and can eat meat at any time.
Your flesh is cold resistant. (rC+)
You are immune to negative energy. (rN+++)
You do not regenerate when monsters are visible.
You are immune to unholy pain and torment.
You can survive without breathing.


Message History

You hit the adder.
You kill the adder!
Your Short Blades skill increases to level 2!
You have reached level 4!
The adder misses you.
You closely miss the adder. The adder closely misses you.
The adder barely misses you.
You closely miss the adder. The adder bites you but does no damage.
You barely miss the adder. The adder misses you. The river rat bites you!
* * * LOW HITPOINT WARNING * * *
You aren't carrying any potions.
As you read the scroll of teleportation, it crumbles to dust.
You feel strangely unstable. The adder bites you.
* * * LOW HITPOINT WARNING * * *
The river rat completely misses you.
You barely miss the adder. The adder barely misses you.
The river rat bites you but does no damage.
The adder bites you but does no damage.
You miss the adder. The adder bites you.
You die...

##################
≈≈≈≈≈≈≈≈≈≈≈≈≈≈≈#.###
≈≈≈≈≈≈≈.≈≈≈≈≈≈≈≈...##
≈≈≈≈≈≈≈≈≈#≈≈≈≈≈≈....#
≈≈≈≈≈≈#≈≈≈≈≈≈≈≈≈....#
≈≈≈≈≈≈≈≈≈.≈≈≈≈≈.@S..#
≈≈≈≈≈≈≈≈≈≈≈≈≈≈≈#r....#
#################.r..#
#...# #...# ...# ..#
.##


You could see an adder, a river rat and a rat.

Vanquished Creatures
  An adder (Sewer)
  An ooze (D:1)
  2 worms
  A dart slug (D:1)
  4 giant cockroaches
  2 goblins (D:2)
  4 hobgoblins (D:1)
  2 quokkas
  2 bats (D:2)
  6 frilled lizards
  5 kobolds
  9 rats
39 creatures vanquished.

Notes
Turn   | Place    | Note
-------+----------+-------------------------------------------
     0 | D:1      | Borgoz the Ghoul Enchanter began the quest for the Orb.
     0 | D:1      | Reached XP level 1. HP: 14/14 MP: 2/2
    80 | D:1      | Reached skill level 1 in Short Blades
   251 | D:1      | Reached XP level 2. HP: 16/20 MP: 3/3
   803 | D:1      | Noticed a big kobold
   803 | D:1      | Noticed a big kobold
   803 | D:1      | Noticed a big kobold
   806 | D:1      | Noticed a big kobold
   944 | D:2      | Reached XP level 3. HP: 27/27 MP: 4/4
  1101 | D:2      | Noticed Sigmund
  1263 | D:2      | Reached skill level 1 in Fighting
  1263 | D:2      | Reached skill level 1 in Armour
  1732 | D:3      | Found a glowing drain.
  1777 | Sewer    | Entered a sewer
  1819 | Sewer    | HP: 1/28 [river rat (8)]
  2078 | Sewer    | Reached XP level 4. HP: 10/35 MP: 5/5
  2084 | Sewer    | Slain by an adder

Skill      XL: |  1  2  3 |
---------------+----------+-----
Short Blades   | 1 2 |  2.0
Dodging        | 2 |  2.5
Fighting       | 1 |  1.2
Armour         | 1 |  1.1
Stealth        | |  3.2
Spellcasting   | |  1.7
Hexes          | |  2.4

Action                   |  1- 3 |  4- 6 || total
-------------------------+-------+-------++-------
Melee: Dagger            |   152 |       ||   152
       Short sword       |    57 |     5 ||    62
  Use: Scroll            |     6 |     1 ||     7
       Potion            |     2 |       ||     2
 Stab: Sleeping          |     4 |       ||     4
  Eat: Chunk             |    14 |       ||    14
Armor: Ring mail         |    71 |     3 ||    74
Dodge: Dodged            |   105 |     6 ||   111
